 Dungeon Crawl Stone Soup version 0.21.0-25-ge575cb9 (webtiles) character file.

168 Golfball the Cudgeler (level 5, -7/32 HPs)
             Began as a Gargoyle Fighter on Jan 23, 2018.
             Killed by divine providence
             ... invoked by an orc priest
              (13 damage)
             ... on level 3 of the Dungeon.
             The game lasted 00:04:48 (1635 turns).

Golfball the Cudgeler (Gargoyle Fighter)            Turns: 1635, Time: 00:04:48

Health: -7/32      AC: 12    Str: 20    XL:     5   Next: 48%
Magic:  5/5        EV:  7    Int:  9    God:
Gold:   136        SH:  9    Dex:  9    Spells: 4/4 levels left

rFire    . . .     SeeInvis .   j - +0 hand axe (venom)
rCold    . . .     Gourm    .   c - +0 shield
rNeg     + . .     Faith    .   b - +0 scale mail
rPois    ∞         Spirit   .   (no helmet)
rElec    +         Reflect  .   (no cloak)
rCorr    .         Harm     .   (no gloves)
MR       .....                  g - +0 pair of boots
Stlth    ..........             (no amulet)
HPRegen  0.10/turn              (no ring)
MPRegen  0.09/turn              (no ring)

@: no status effects
A: negative energy resistance 1, electricity resistance, unbreathing,
petrification resistance, rot immunity, AC +4
a: no special abilities


You were on level 3 of the Dungeon.
You were not hungry.

You visited 1 branch of the dungeon, and saw 3 of its levels.

You collected 136 gold pieces.

Inventory:

Hand Weapons
 a - a +0 flail
 j - a +0 hand axe of venom (weapon)
 l - a +0 hunting sling
Missiles
 q - 51 stones (quivered)
Armour
 b - a +0 scale mail (worn)
 c - a +0 shield (worn)
 g - a +0 pair of boots (worn)
Scrolls
 i - 2 scrolls of teleportation
Potions
 d - 2 potions of might
 e - a potion of lignification {unknown}
 h - 3 potions of heal wounds {unknown}
 k - 2 potions of cancellation {unknown}
 n - 4 potions of degeneration {unknown}
 p - 2 potions of ambrosia {unknown}
Comestibles
 f - 4 rations


   Skills:
 - Level 3.2 Fighting
 + Level 5.5 Maces & Flails
 - Level 3.2 Armour
 - Level 3.2 Shields


You had 4 spell levels left.
You didn't know any spells.

Dungeon Overview and Level Annotations

Branches:
Dungeon (3/15)

Altars:
Kikubaaqudgha

Annotations:
D:3 JeffiDaFish's ghost, amateur MiFi


Innate Abilities, Weirdness & Mutations

You are resistant to torment.
Your stone body is resilient. (AC +4)
You are immune to poison.
You resist negative energy. (rN+)
You are resistant to electric shocks. (rElec)
You can survive without breathing.
You are immune to petrification.
You are immune to rotting.


Message History

You feel less confused.
Reactivating autopickup.
Your Maces & Flails skill increases to level 5!
You have reached level 5!
You feel a bit more experienced.
JeffiDaFish's ghost hits you but does no damage.
The orc priest looks encouraged for a moment.
The orc priest hits you but does no damage.
JeffiDaFish's ghost hits you!
* * * LOW HITPOINT WARNING * * *
You hit the orc priest but do no damage.
The orc priest looks as sick as possible!
The orc priest is heavily wounded.
You hit JeffiDaFish's ghost.
You hit the orc priest but do no damage.
The orc priest looks even sicker.
You kill the orc priest!
The orc priest calls down the wrath of Beogh upon you.
Beogh smites you!
You die...

####... #.####.######
.....# #.###........
#.####..###.#.....##... .
.......................
#.#######..###.#.###.##.##
.........# #.#.###.##.##
#.##.####.## #.#..........
........W)# #.#.....##.##
..#..).)@# #............
.....###o## #####.#.##.#.
.... ..... .......#.#. ##
###.### ##.....#.#. #..
.........## ##. #.........
.# #....#†... .#
##...##...> ...........


You could see an orc priest and JeffiDaFish's ghost.

Vanquished Creatures
  An orc priest (D:3)
  2 orc wizards (D:3)
  4 adders
  A worm (D:2)
  3 dart slugs
  2 leopard geckos
  2 orcs (D:3)
  4 bats
  4 giant cockroaches
  2 goblins
  3 hobgoblins
  2 jackals (D:2)
  A ball python (D:3)
  A frilled lizard (D:1)
  2 kobolds
  5 rats
39 creatures vanquished.

Notes
Turn   | Place    | Note
-------+----------+-------------------------------------------
     0 | D:1      | Golfball the Gargoyle Fighter began the quest for the Orb.
     0 | D:1      | Reached XP level 1. HP: 14/14 MP: 1/1
    76 | D:1      | Reached XP level 2. HP: 18/19 MP: 2/2
   345 | D:1      | Reached skill level 3 in Maces & Flails
   505 | D:2      | Found an ancient bone altar of Kikubaaqudgha.
   638 | D:2      | Reached XP level 3. HP: 23/23 MP: 3/3
   989 | D:2      | Reached skill level 4 in Maces & Flails
  1369 | D:3      | Reached XP level 4. HP: 28/28 MP: 4/4
  1625 | D:3      | Noticed JeffiDaFish's ghost (amateur MiFi)
  1634 | D:3      | Reached skill level 5 in Maces & Flails
  1634 | D:3      | Reached XP level 5. HP: 14/32 MP: 5/5
  1635 | D:3      | Killed from afar by an orc priest

Skill      XL: |  1  2  3  4 |
---------------+-------------+-----
Maces & Flails | 3 4 5 |  5.5
Fighting       | |  3.2
Armour         | |  3.2
Shields        | |  3.2

Action                   |  1- 3 |  4- 6 || total
-------------------------+-------+-------++-------
Melee: Flail             |    32 |       ||    32
       Hand axe          |    58 |    36 ||    94
  Use: Scroll            |     3 |       ||     3
  Eat: Chunk             |     2 |       ||     2
Armor: Scale mail        |    40 |    33 ||    73
Dodge: Dodged            |    27 |    17 ||    44
Block: Shield            |    42 |    20 ||    62
